 Dungeon Crawl Stone Soup version 0.27-a0-1332-g84bddb5ca7 (webtiles) character file.

Game seed: 13668482746493444614

3865 Sweetruy1997 the Slicer (level 9, -2/72 HPs)
             Began as a Palentonga Fighter on June 24, 2021.
             Was a Believer of Qazlal.
             Slain by an orc warrior (11 damage)
             ... on level 8 of the Dungeon on June 25, 2021.
             The game lasted 00:28:16 (8921 turns).

Sweetruy1997 the Slicer (Palentonga Fighter)        Turns: 8921, Time: 00:28:16

Health: -2/72      AC: 20    Str: 20    XL:     9   Next: 99%
Magic:  9/9        EV: 12    Int:  9    God:    Qazlal [**....]
Gold:   352        SH:  9    Dex: 12    Spells: 8/8 levels left

rFire    . . .     SeeInvis +   E - +2 scimitar (vorpal)
rCold    . . .     Faith    .   y - +2 buckler
rNeg     . . .     Spirit   .   b - +0 scale mail
rPois    .         Reflect  .   t - +0 helmet
rElec    .         Harm     .   D - +0 cloak
rCorr    .         Rampage  .   (no gloves)
Will     .....                  (no barding)
Stlth    ..........             (no amulet)
HPRegen  0.22/turn              C - +4 ring of protection
MPRegen  0.11/turn              l - +4 ring of evasion

@: curled up
A: large, rugged brown scales 3, see invisible, deformed body, roll 1, armoured
tail, reflexive curl
a: Rolling Charge, Renounce Religion, Upheaval


You were on level 8 of the Dungeon.
You worshipped Qazlal.
Qazlal was pleased with you.
You visited 2 branches of the dungeon, and saw 9 of its levels.
You also visited: Ossuary.

You collected 352 gold pieces.

Inventory:

Hand Weapons
 s - a +2 dagger of electrocution
 E - a +2 vorpal scimitar (weapon)
Missiles
 f - 2 boomerangs
 F - 6 javelins
Armour
 b - a +0 scale mail (worn)
 t - a +0 helmet (worn)
 y - a +2 buckler (worn)
 D - a +0 cloak (worn)
Jewellery
 a - a ring of ice
 l - a +4 ring of evasion (right hand)
 B - a ring of willpower
 C - a +4 ring of protection (left hand)
Wands
 c - a wand of flame (10)
 w - a wand of charming (9)
Scrolls
 h - a scroll of blinking {unknown}
 j - 2 scrolls of fear
 n - a scroll of fog {unknown}
 o - 2 scrolls of teleportation
 r - a scroll of acquirement {unknown}
 x - a scroll of immolation {unknown}
 A - a scroll of magic mapping {unknown}
Potions
 d - a potion of might
 e - a potion of lignification {unknown}
 g - 4 potions of curing
 i - a potion of resistance {unknown}
 k - a potion of cancellation {unknown}
 m - 4 potions of ambrosia
 p - a potion of berserk rage
 q - a potion of brilliance {unknown}
 v - 3 potions of invisibility {unknown}
 z - 2 potions of magic {unknown}


   Skills:
 + Level 5.0 Fighting
 - Level 10.0 Short Blades
 + Level 1.9(6.6) Long Blades
 - Level 2.0 Axes
 - Level 0.7 Bows
 + Level 3.4 Throwing
 + Level 5.1 Armour
 + Level 2.4 Dodging
 - Level 1.0 Stealth
 + Level 4.0 Shields
 + Level 0.4 Invocations
 + Level 0.1 Evocations


You had 8 spell levels left.
You didn't know any spells.
Your spell library contained the following spells:

 Spells                   Type           Power      Damage    Failure   Level
 Sandblast                Erth           0%         2d4       73%         1
 Passwall                 Tmut/Erth      0%         N/A       86%         2
 Stone Arrow              Conj/Erth      0%         3d7       97%         3
 Petrify                  Tmut/Erth      0%         N/A       100%        4
 Lee's Rapid Deconstruct  Erth           0%         3d5*      100%        5


Dungeon Overview and Level Annotations

Branches:
Dungeon (8/15)             Temple (1/1) D:4         Ossuary (visited)
   Lair: D:8-11

Altars:
Ashenzari
Cheibriados
Dithmenos
Elyvilon
Fedhas
Gozag
Hepliaklqana
Kikubaaqudgha
Makhleb
Nemelex Xobeh
Okawaru
Qazlal
Ru
Sif Muna
Trog
Uskayaw
Vehumet
Wu Jian
Xom
Yredelemnul
The Shining One

Shops:
D:7 =


Innate Abilities, Weirdness & Mutations

You are completely covered in rugged brown scales. (AC +3, +7% HP)
You have supernaturally acute eyesight. (SInv)
Armour fits poorly on your strangely shaped body.
You can roll at nearby foes to attack.
You have a long armoured tail.
You curl defensively after being hit.


Message History

You start resting.
You recover from your berserk rage.
You start resting.
An orc warrior is nearby!
An orc warrior is nearby!
Aiming: Throw Flame
Press: ? - help, Shift-Dir - straight line, f - orc warrior
Aim: an orc warrior, wielding a +0 short sword and wearing a +2 plate armour of fire resistance (68% to hit)
The puff of flame hits the orc warrior but does no damage.
Aiming: Throw Flame
Press: ? - help, Shift-Dir - straight line, f/p - orc warrior
Aim: an orc warrior, wielding a +0 short sword and wearing a +2 plate armour of fire resistance (68% to hit)
The puff of flame hits the orc warrior but does no damage.
The orc warrior hits you with a +0 short sword!
* * * LOW HITPOINT WARNING * * *
You closely miss the orc warrior. The orc warrior barely misses you.
You hit the orc warrior.
The orc warrior is lightly wounded.
You block the orc warrior's attack.
You slash the orc warrior!
The orc warrior is severely wounded.
The orc warrior hits you but does no damage.
You barely miss the orc warrior.
The orc warrior is severely wounded.
The orc warrior closely misses you.
You barely miss the orc warrior. You tail-slap the orc warrior.
The orc warrior is severely wounded.
You block the orc warrior's attack.
You hit the orc warrior but do no damage.
The orc warrior is severely wounded.
The orc warrior hits you with a +0 short sword.
* * * LOW HITPOINT WARNING * * *
You closely miss the orc warrior.
You tail-slap the orc warrior, but do no damage.
The orc warrior is severely wounded.
You block the orc warrior's attack.
You hit the orc warrior.
The orc warrior is almost dead.
The orc warrior hits you with a +0 short sword!
You die...

#####...........
..........:.....#
#######..#.......
#h.)†.......
#..#)####.##
#..#)# # #..#.#
#..#.# #..#@#
#..#o# #..#.#
#..#.####.#
######...........
........###....#$
######..# ....#
#.###..###.##.#
#........# #


You could see an orc warrior.

Vanquished Creatures
  Maggie (D:7)
  Grum (D:8)
  A steam dragon (D:7)
  An orc warrior (D:7)
  4 ogres
  2 sky beasts
  4 wolves (D:8)
  2 centaurs (D:6)
  A kobold brigand (D:7)
  6 elf zombies (Ossuary)
  3 bullfrogs
  3 scorpions
  2 killer bees (D:8)
  A howler monkey (D:5)
  4 centaur zombies (Ossuary)
  2 human zombies (Ossuary)
  A bullfrog skeleton (D:5)
  2 jellies
  A gnoll shaman (D:5)
  2 orc priests
  7 hounds
  2 iguanas
  6 orc wizards
  A killer bee zombie (D:8)
  A hound skeleton (D:4)
  4 mummies
  9 gnolls
  7 adders
  A howler monkey skeleton (D:6)
  A white imp (D:7)
  An adder skeleton (D:5)
  A worm (D:2)
  2 dart slugs
  14 orcs
  4 bats
  7 endoplasms
  2 giant cockroaches
  5 goblins
  5 hobgoblins
  10 jackals (D:1)
  2 quokkas
  4 ball pythons
  3 frilled lizards
  11 kobolds
  A rat (D:1)
155 creatures vanquished.

Vanquished Creatures (collateral kills)
  2 killer bees (D:8)
  An orc priest (D:8)
3 creatures vanquished.

Vanquished Creatures (others)
  A wyvern (D:8)
  2 orcs (D:8)
  3 plants (D:8)
6 creatures vanquished.

Grand Total: 164 creatures vanquished

Notes
Turn   | Place    | Note
-------+----------+-------------------------------------------
     0 | D:1      | Sweetruy1997 the Palentonga Fighter began the quest for the
                  | Orb.
     0 | D:1      | Reached XP level 1. HP: 19/19 MP: 1/1
   342 | D:1      | Reached XP level 2. HP: 25/25 MP: 2/2
  1208 | D:2      | Reached XP level 3. HP: 24/31 MP: 3/3
  1583 | D:2      | Reached skill level 1 in Short Blades
  2439 | D:3      | Reached XP level 4. HP: 35/37 MP: 4/4
  3094 | D:4      | Identified the +0 ring mail "Put-Me-On" {Harm *Corrode
                  | Will- Regen+}
  3127 | D:4      | Reached skill level 2 in Short Blades
  3127 | D:4      | Reached skill level 1 in Dodging
  3138 | D:4      | Reached XP level 5. HP: 17/44 MP: 5/5
  3538 | D:4      | Found a staircase to the Ecumenical Temple.
  3546 | Temple   | Entered the Ecumenical Temple
  3613 | Temple   | Became a worshipper of Qazlal Stormbringer
  3772 | D:4      | Reached skill level 3 in Short Blades
  3887 | D:4      | Noticed an ogre
  3904 | D:4      | Killed an ogre
  3905 | D:4      | Reached XP level 6. HP: 17/51 MP: 6/6
  4142 | D:4      | Found a shimmering blue altar of Sif Muna.
  4231 | D:4      | Upgraded the game from 0.27-a0-1325-g58a489ad9e to
                  | 0.27-a0-1332-g84bddb5ca7
  4738 | D:5      | Entered Level 5 of the Dungeon
  5078 | D:5      | Gained mutation: You curl defensively after being hit.
                  | [Palentonga growth]
  5078 | D:5      | Reached XP level 7. HP: 39/57 MP: 7/7
  5079 | D:5      | Reached skill level 4 in Short Blades
  5079 | D:5      | Reached skill level 1 in Stealth
  5239 | D:5      | Reached skill level 5 in Short Blades
  5321 | D:5      | Reached skill level 1 in Throwing
  5346 | D:5      | Reached skill level 6 in Short Blades
  5732 | D:5      | Reached XP level 8. HP: 46/64 MP: 8/8
  6193 | D:6      | Found a sand-covered staircase.
  6209 | Ossuary  | Entered an ossuary
  6244 | Ossuary  | Reached * piety under Qazlal
  6249 | Ossuary  | Reached skill level 7 in Short Blades
  6375 | Ossuary  | Reached skill level 8 in Short Blades
  6622 | D:6      | Reached skill level 9 in Short Blades
  6768 | D:6      | Reached XP level 9. HP: 49/69 MP: 9/9
  7390 | D:7      | Reached ** piety under Qazlal
  7401 | D:7      | Reached skill level 10 in Short Blades
  7808 | D:7      | Found Jeiniw's Jewellery Emporium.
  8100 | D:7      | Noticed Maggie
  8106 | D:7      | Killed Maggie
  8801 | D:8      | Noticed Grum
  8819 | D:8      | Reached skill level 1 in Long Blades
  8823 | D:8      | Reached skill level 5 in Armour
  8855 | D:8      | Killed Grum
  8862 | D:8      | HP: 3/71 [bullfrog (1)]
  8868 | D:8      | Reached skill level 5 in Fighting
  8921 | D:8      | Slain by an orc warrior

Illustrated notes

Levels and vault maps discovered:
D:1:      kennysheep_arrival_forest, layout_loops_cross, minmay_curled_crystal,
          minmay_pentomino_x2
D:2:      layout_basic, serial_co_window_serial, co_window_paths_b,
          co_window_corner_a, co_window_paths_b, co_window_paths_b,
          co_window_paths_a, co_window_broadway_a, co_window_cross_4,
          co_window_of_opportunity_c, co_window_2corner, glass_columns_b,
          glass_columns_a, glass_columns_a
D:3:      layout_basic, kennysheep_nondescript, grunt_ministairs_7,
          minmay_tree_intersection
D:4:      layout_loops_ring, nicolae_sif_muna_little_library, temple_statues
D:5:      layout_rooms, amcnicky_mini_pool_small, minmay_crossroads
D:6:      layout_basic, gup_ossuary_entry_pyramid
D:7:      layout_layer_cave, serial_shops, shop, minmay_holes, uniq_maggie
D:8:      layout_loops_ring, overflow_temple_1_default, lair_entry_dummy,
          serial_shops, nicolae_shop_overgrown_old_shop, uniq_grum
Temple:   regret_index_temple_chain_breaker

Skill      XL: |  1  2  3  4  5  6  7  8  9 |
---------------+----------------------------+-----
Short Blades   | 1 2 3 6 9 10 | 10.0
Armour         | 3 4 5 |  5.1
Dodging        | 1 2 |  2.4
Shields        | 3 4 |  4.0
Fighting       | 4 5 |  5.0
Stealth        | 1 |  1.0
Throwing       | 1 2 3 |  3.4
Long Blades    | 1 |  1.9
Axes           | |  2.0
Bows           | |  0.7
Invocations    | |  0.4
Evocations     | |  0.1

Action                   |  1- 3 |  4- 6 |  7- 9 || total
-------------------------+-------+-------+-------++-------
Melee: War axe           |    10 |       |       ||    10
       Tailslap          |    15 |    10 |    57 ||    82
       Dagger            |    89 |    87 |   335 ||   511
       Scimitar          |       |       |    77 ||    77
Throw: Boomerang         |       |     2 |    22 ||    24
Invok: Upheaval          |       |       |     1 ||     1
 Abil: Rolling Charge    |    24 |    14 |    15 ||    53
Evoke: Wand              |       |       |     5 ||     5
  Use: Scroll            |       |     3 |     6 ||     9
       Potion            |       |     2 |     5 ||     7
Armor: Scale mail        |    42 |    27 |    87 ||   156
Dodge: Dodged            |    10 |    27 |   126 ||   163
Block: Kite shield       |    34 |    35 |   100 ||   169
       Buckler           |       |       |    62 ||    62
       Rpst.: Scimitar   |       |       |     4 ||     4

Table legend: (Time is in decaauts)
 A = Elapsed time spent in this place.
 B = Non-inter-level travel time spent in this place.
 C = Inter-level travel time spent in this place.
 D = Time resting spent in this place.
 E = Time spent auto-exploring this place.
 F = Levels seen in this place.
 G = Mean time per level.
                   A        B        C        D        E       F      G
               +--------+--------+--------+--------+--------+-----+--------+
         Total |   8892 |   8584 |    308 |   2458 |   4913 |  10 |  889.2 |
       Dungeon |   8383 |   8091 |    292 |   2377 |   4631 |   8 | 1047.9 |
        Temple |    160 |    144 |     16 |      0 |    137 |   1 |  160.0 |
       Ossuary |    347 |    347 |      0 |     81 |    145 |   1 |  347.0 |
               +--------+--------+--------+--------+--------+-----+--------+

Top non-repeatable levels by time:
     D:4: 1767 daAuts
     D:7: 1611 daAuts
     D:1: 1193 daAuts
     D:2: 1151 daAuts
     D:5: 1076 daAuts
     D:3: 755 daAuts
     D:6: 642 daAuts
 Ossuary: 347 daAuts
     D:8: 186 daAuts
  Temple: 160 daAuts
